 Dungeon Crawl Stone Soup version 0.30-a0-859-gf88a04b62d (webtiles) character file.

Game seed: 1565716472086782070

211 Demosthentine the Ducker (level 5, 0/41 HPs)
             Began as a Demonspawn Gladiator on Mar 7, 2023.
             Succumbed to an adder's poison
             ... in a sewer.
             The game lasted 00:04:10 (2521 turns).

Demosthentine the Ducker (Demonspawn Gladiator)     Turns: 2521, Time: 00:04:10

Health: 0/41       AC:  3    Str: 16    XL:     5   Next: 57%
Magic:  5/5        EV: 13    Int:  9    God:
Gold:   187        SH:  4    Dex: 15    Spells: 4/4 levels left

rFire   . . .      SeeInvis .    a - +1 trident
rCold   . . .      Faith    .    (no shield)
rNeg    . . .      Spirit   .    b - +0 leather armour
rPois   .          Reflect  .    (helmet restricted)
rElec   .          Rampage  .    (no cloak)
rCorr   .                        (no gloves)
Will    .....                    (no boots)
Stlth   +                        (no amulet)
HPRegen 0.26/turn                (no ring)
MPRegen 0.09/turn                (no ring)

@: lethally poisoned (0 -> -5), flying
A: antennae 1, powered by death 1, condensation shield
a: no special abilities


You were in a sewer.
You visited 1 branch of the dungeon, and saw 3 of its levels.
You also visited: Sewer.

You collected 187 gold pieces.

Inventory:

Hand Weapons
 a - a +1 trident (weapon)
Missiles
 d - 3 throwing nets (quivered)
 e - a javelin
Armour
 b - a +0 leather armour (worn)
Scrolls
 c - a scroll of blinking
 i - a scroll of noise
 j - a scroll of acquirement {unknown}
 k - 3 scrolls of identify
Potions
 f - a potion of flight
 g - a potion of magic
 h - a potion of might {unknown}


   Skills:
 + Level 3.4 Fighting
 + Level 3.6 Polearms
 - Level 1.7 Throwing
 + Level 2.2 Armour
 + Level 3.7 Dodging


You had 4 spell levels left.
You didn't know any spells.
Your spell library contained the following spells:

 Spells                   Type           Power      Damage    Failure   Level
 Blink                    Tloc           0%         N/A       58%         2
 Manifold Assault         Tloc           0%         N/A       99%         4
 Blade Hands              Tmut           0%         N/A       100%        5
 Irradiate                Conj/Tmut      0%         3d11      100%        5
 Dragon Form              Tmut           0%         N/A       100%        7
 Storm Form               Tmut/Air       0%         N/A       100%        7


Dungeon Overview and Level Annotations

Branches:
Dungeon (3/15)              Sewer (1/1)

Altars:


Innate Abilities, Weirdness & Mutations

You have a pair of small antennae on your head.
You regenerate a little health from kills.
A meltable shield of frost defends you. (SH +4)


Message History

You hit the adder.
The adder is heavily wounded.
The adder bites you.
You are poisoned.
The adder poisons you!
You completely miss the adder.
The adder is heavily wounded.
You feel sick. You block the adder's attack. The adder bites you.
You are more poisoned.
The adder poisons you!
You hit the adder.
The adder is severely wounded.
You feel very sick. The adder bites you.
You closely miss the adder.
The adder is severely wounded.
You feel sick. The adder misses you. The adder bites you.
You barely miss the adder.
The adder is severely wounded.
You feel sick. The adder bites you.
* * * LOW HITPOINT WARNING * * *
You hit the adder.
The adder is almost dead.
You feel sick. The adder barely misses you. The adder misses you.
You barely miss the adder.
The adder is almost dead.
You feel sick. The adder bites you.
* * * LOW HITPOINT WARNING * * *
You are lethally poisoned!
The adder poisons you!
The jelly quivers.
You hit the adder but do no damage.
The adder is almost dead.
You are no longer corroded.
* * * LOW HITPOINT WARNING * * *
You feel sick. The adder barely misses you.
It was a potion of flight.
You feel very buoyant.
You fly up into the air.
You die...
JJ~

..~## ~~~## ~~~# #~.#
####.~## ##~†~~~.##
#∩@S.~~.~# #####
#...###..~# #....
#.~## ##~.#### #....
#~.#. #~~.~~###.~## .
#..~. ##~~..~.##.~#
.~##J~.##~~.##~~##~~#
.~~..~.#~~~##
.~##~.## #~~~~~~~~.##
.###.... #~.~~..~##
## #~..~


You could see a jelly and an adder.

Vanquished Creatures
  A jelly (Sewer)
  A river rat (Sewer)
  8 adders
  4 worms
  A dart slug (D:2)
  5 orcs (D:3)
  13 endoplasms
  8 giant cockroaches
  A goblin (D:1)
  3 hobgoblins
  2 jackals (D:1)
  7 kobolds
  2 quokkas
  8 ball pythons
  4 bats
  6 frilled lizards
  13 rats
  A spectral hobgoblin (D:2)
88 creatures vanquished.

Notes
Turn   | Place    | Note
-------+----------+-------------------------------------------
     0 | D:1      | Demosthentine the Demonspawn Gladiator began the quest for
                  | the Orb.
     0 | D:1      | Reached XP level 1. HP: 16/16 MP: 1/1
   258 | D:1      | Gained mutation: You regenerate a little health from kills.
                  | [demonic ancestry]
   258 | D:1      | Reached XP level 2. HP: 22/22 MP: 2/2
   961 | D:2      | Found a faded altar of an unknown god.
  1026 | D:2      | Reached skill level 1 in Armour
  1026 | D:2      | Gained mutation: A meltable shield of frost defends you.
                  | (SH +4) [demonic ancestry]
  1026 | D:2      | Reached XP level 3. HP: 14/28 MP: 3/3
  1863 | D:3      | Gained mutation: You have a pair of small antennae on your
                  | head. [demonic ancestry]
  1863 | D:3      | Reached XP level 4. HP: 34/34 MP: 4/4
  2322 | D:3      | Reached XP level 5. HP: 29/41 MP: 5/5
  2329 | D:3      | Found a glowing drain.
  2333 | Sewer    | Entered a sewer
  2520 | Sewer    | HP: 2/41 [poisoned by an adder]
  2521 | Sewer    | Succumbed to an adder's poison

Illustrated notes

Levels and vault maps discovered:
D:1:      lightli_arrival_windingriver, layout_basic
D:2:      layout_loops_ring, dreamdust_ecumenical_altar_drowned_temple,
          kennysheep_nondescript
D:3:      layout_loops_corners, gup_sewer_entry_spiral
Sewer:    sewer_hellmonk_slimy_pipes

Skill      XL: |  1  2  3  4  5 |
---------------+----------------+-----
Polearms       | 3 |  3.6
Dodging        | 3 |  3.7
Armour         | 1 2 |  2.2
Fighting       | 3 |  3.4
Throwing       | |  1.7

Action                     |  1- 3 |  4- 6 || total
---------------------------+-------+-------++-------
  Melee: Trident           |   129 |   167 ||   296
    Use: Scroll            |     8 |       ||     8
         Potion            |       |     1 ||     1
   Stab: Sleeping          |     3 |       ||     3
         Distracted        |     1 |       ||     1
 Armour: Leather armour    |    33 |    26 ||    59
  Dodge: Dodged            |    60 |    67 ||   127
  Block: Other             |     3 |    28 ||    31

Table legend: (Time is in decaauts)
 A = Elapsed time spent in this place.
 B = Non-inter-level travel time spent in this place.
 C = Inter-level travel time spent in this place.
 D = Time resting spent in this place.
 E = Time spent auto-exploring this place.
 F = Levels seen in this place.
 G = Mean time per level.
                   A        B        C        D        E       F      G
               +--------+--------+--------+--------+--------+-----+--------+
         Total |   2600 |   2555 |     45 |     53 |   1634 |   4 |  650.0 |
       Dungeon |   2396 |   2351 |     45 |      0 |   1597 |   3 |  798.7 |
         Sewer |    203 |    203 |      0 |     53 |     36 |   1 |  203.0 |
               +--------+--------+--------+--------+--------+-----+--------+

Top non-repeatable levels by time:
     D:2: 990 daAuts
     D:1: 833 daAuts
     D:3: 571 daAuts
   Sewer: 203 daAuts
